 Dungeon Crawl Stone Soup version 0.31-a0-188-g5e087ee2ca (webtiles) character file.

Game seed: 1354719161676946050

32 qw the Shooter (level 3, 0/20 HPs)
             Began as a Deep Elf Hunter on June 23, 2023.
             Slain by a goblin
             ... wielding a +0 dagger
             ... led by Robin
              (4 damage)
             ... on level 2 of the Dungeon.
             The game lasted 00:00:16 (755 turns).

qw the Shooter (Deep Elf Hunter)                     Turns: 755, Time: 00:00:17

Health: 0/20       AC:  3    Str: 10    XL:     3   Next: 8%
Magic:  5/5        EV: 12    Int: 13    God:
Gold:   55         SH:  0    Dex: 18    Spells: 2/2 levels left

rFire   . . .        Y - +0 shortbow
rCold   + . .        (shield currently unavailable)
rNeg    . . .        c - +0 leather armour
rPois   .            (no helmet)
rElec   .            (no cloak)
rCorr   .            (no gloves)
SInv    .            (no boots)
Will    .....        (no amulet)
Stlth   ++           e - ring of protection from cold
HPRegen 0.23/turn    (no ring)
MPRegen 0.09/turn

%: no passive effects
@: no status effects
A: no striking features
a: no special abilities


You were on level 2 of the Dungeon.
You visited 1 branch of the dungeon, and saw 2 of its levels.

You collected 55 gold pieces.


   Skills:
 - Level 1.5 Fighting
 + Level 6.7 Ranged Weapons
 - Level 2.4 Dodging
 - Level 1.2 Stealth


You had 2 spell levels left.
You didn't know any spells.
Your spell library was empty.

Inventory:

Hand Weapons
 Y - a +0 shortbow (weapon)
Armour
 c - a +0 leather armour (worn)
Jewellery
 e - a ring of protection from cold (left hand)
Scrolls
 a - a scroll of teleportation {unknown}
Potions
 b - 3 potions of enlightenment {unknown}
 g - a potion of magic {unknown}
 h - a potion of brilliance {unknown}

Dungeon Overview and Level Annotations

Branches:
Dungeon (2/15)

Altars:

Annotations:
D:2 Robin


Message History

A goblin comes into view. It is wielding a +0 dagger.
You shoot an arrow.
The arrow completely misses the hobgoblin.
The arrow closely misses the goblin.
A hobgoblin comes into view.
Robin throws the goblin at you!
You shoot an arrow. The arrow closely misses the goblin.
A goblin comes into view. It is wielding a +0 club.
A goblin comes into view. It is wielding a +0 dagger.
The goblin closely misses you.
A goblin comes into view. It is wielding a +0 dagger.
You shoot an arrow. The arrow misses the goblin.
The goblin shouts!
A goblin comes into view. It is wielding a +0 dagger.
The goblin barely misses you.
Robin's bangles clink loudly.
Robin throws the goblin at you!
You shoot an arrow.
The arrow hits the hobgoblin but does no damage.
The hobgoblin is almost dead.
The goblin misses you. The hobgoblin completely misses you.
The goblin barely misses you.
You shoot an arrow.
The arrow hits the hobgoblin but does no damage.
The hobgoblin is almost dead.
The goblin hits you with a +0 dagger. The hobgoblin closely misses you.
The goblin hits you with a +0 club. The goblin barely misses you.
The goblin completely misses you. Robin throws the goblin at you!
You shoot an arrow. The arrow hits the hobgoblin!
You kill the hobgoblin!
An endoplasm comes into view.
The goblin closely misses you. The goblin hits you but does no damage.
The goblin hits you with a +0 dagger. The goblin hits you but does no damage.
The goblin hits you with a +0 dagger.
Robin roars a battlecry!
The goblins go into a battle-frenzy!
You shoot an arrow. The arrow barely misses the goblin.
The hobgoblin closely misses you. The goblin hits you but does no damage.
The goblin misses you. x3; The goblin hits you with a +0 dagger.
You die...

######## #######
#......#######
......####............#
......##..............#
....%.##..............##
................g.......
..............#g@gg...#
...............gggg..##
...#............gg...#
...#...............g....
............#.......g...
............#...[.......
............#.......J...
#...... ............
.......


You could see Robin, an endoplasm, 2 hobgoblins and 9 goblins.

Vanquished Creatures
  An adder (D:2)
  2 dart slugs
  A giant cockroach (D:2)
  3 goblins
  2 hobgoblins
  2 kobolds
  2 ball pythons (D:1)
  2 bats (D:1)
  2 frilled lizards (D:1)
  3 rats (D:1)
20 creatures vanquished.

Notes
Turn   | Place    | Note
-------+----------+-------------------------------------------
     0 | D:1      | qw the Deep Elf Hunter began the quest for the Orb.
     0 | D:1      | Reached XP level 1. HP: 12/12 MP: 3/3
     0 | D:1      | 0 ||| qw: Version: 0.3-a-9-g12657ce
     0 | D:1      | 0 ||| qw: Game counter: 3317
     0 | D:1      | 0 ||| qw: Always use a shield: true
     0 | D:1      | 0 ||| qw: God list: Okawaru
     0 | D:1      | 0 ||| qw: Allow faded altars: false
     0 | D:1      | 0 ||| qw: Do Orc after D:15 true
     0 | D:1      | 0 ||| qw: Do second Lair branch before Depths: true
     0 | D:1      | 0 ||| qw: Lair rune preference: random
     0 | D:1      | 0 ||| qw: Plans: Normal
     0 | D:1      | 0 ||| PLANNING D:1-11
   244 | D:1      | Found a faded altar of an unknown god.
   285 | D:1      | Reached XP level 2. HP: 16/16 MP: 4/4
   306 | D:1      | Reached skill level 6 in Ranged Weapons
   628 | D:1      | 628 ||| UPGRADING to ring of protection from cold.
   629 | D:1      | 629 ||| READING scroll labelled LOGGID GAJA.
   630 | D:1      | 630 ||| READING scroll labelled IKHEESKUMEL.
   631 | D:1      | 631 ||| READING scroll labelled LUAC VAUFYROO.
   632 | D:1      | 632 ||| DROPPING scroll of butterflies.
   730 | D:2      | Reached XP level 3. HP: 20/20 MP: 5/5
   747 | D:2      | Noticed Robin
   754 | D:2      | HP: 4/20 [goblin/+0 dagger[Robin] (3)]
   755 | D:2      | Slain by a goblin

Levels and vault maps discovered:
D:1:      lightli_iron_boxes, layout_loops_ring, shapermc_ecumenical_altar_venn
D:2:      layout_basic, basic_altar, uniq_terence, uniq_robin

Skill      XL: |  1  2 |
---------------+-------+-----
Ranged Weapons | 6 |  6.7
Fighting       | |  1.5
Dodging        | |  2.4
Stealth        | |  1.2

Action                     || total
---------------------------++-------
   Fire: Shortbow          ||    54
    Use: Scroll            ||     3
 Armour: Leather armour    ||     8
  Dodge: Dodged            ||    20

Table legend:
 A = Non-vault XP
 B = Vault XP
 C = Vault XP percentage of total XP
 D = Non-vault monster count
 E = Vault monster count
 F = Vault count percentage of total count
                 A         B        C        D         E       F
            +---------+---------+-------+---------+---------+-------
      Total |      44 |       2 |   4.3 |      19 |       1 |   5.0
            +---------+---------+-------+---------+---------+-------
        D:1 |      22 |       0 |   0.0 |      14 |       0 |   0.0
        D:2 |      22 |       2 |   8.3 |       5 |       1 |  16.7
            +---------+---------+-------+---------+---------+-------
